 Dungeon Crawl Stone Soup version 0.14.0-24-gfb45beb (webtiles) character file.

148 Malachi the Skirmisher (level 4, 0/40 HPs)
             Began as a Draconian Berserker on Apr 22, 2014.
             Was a Priest of Trog.
             Slain by Grinder (4 damage)
             ... on Level 3 of the Dungeon.
             The game lasted 00:03:29 (1632 turns).

Malachi the Skirmisher (Draconian Berserker)        Turns: 1632, Time: 00:03:29

HP   0/40        AC  5     Str 20      XL: 4   Next:  6%
MP   4/4         EV 13     Int  8      God: Trog [***...]
Gold 76          SH  0     Dex 10      Spells:  0 memorised,  3 levels left

rFire  . . .     SeeInvis .     h - +0,+1 whip (freeze)
rCold  . . .     Clarity  .     (armour unavailable)
rNeg   . . .     Conserve .     (no shield)
rPois  .         rCorr    .     (helmet restricted)
rElec  .         rRot     .     (no cloak)
SustAb . .       Spirit   .     (no gloves)
rMut   .         Warding  .     (no boots)
Saprov . . .     Stasis   .     (no amulet)
MR     .....                    (no ring)
                                (no ring)

@: exhausted, slowed, very slow, not resistant to hostile enchantments,
unstealthy
A: unfitting armour, AC +5
a: Burn Spellbooks, Berserk, Trog's Hand, Renounce Religion


You were on level 3 of the Dungeon.
You worshipped Trog.
Trog was most pleased with you.
You were not hungry.

You visited 1 branch of the dungeon, and saw 3 of its levels.

You collected 76 gold pieces.

Inventory:

Hand weapons
 a - a +0,+0 hand axe
 h - a +0,+1 whip of freezing (weapon)
Comestibles
 b - 4 apples
 c - 3 bread rations
 g - 4 meat rations
 n - a honeycomb
 s - a choko
Scrolls
 e - 3 scrolls of enchant weapon II {unknown}
 f - 2 scrolls of teleportation {unknown}
 j - a scroll of magic mapping {unknown}
 m - a scroll of enchant armour {unknown}
 o - 3 scrolls of identify {unknown}
 p - a scroll of noise {unknown}
 r - a scroll of remove curse {unknown}
Jewellery
 i - a +0,+7 ring of slaying {unknown}
 t - an uncursed ring of sustain abilities {unknown}
Potions
 d - a potion of magic {unknown}
 k - a potion of degeneration {unknown}
 l - 2 potions of might {unknown}
 q - a potion of curing {unknown}
 v - a potion of mutation {unknown}
 w - a potion of resistance {unknown}


   Skills:
 + Level 4.0 Fighting
 + Level 3.5 Axes
 + Level 0.4 Maces & Flails
 + Level 3.6 Dodging


You had 3 spell levels left.
You didn't know any spells.

Dungeon Overview and Level Annotations

Branches:
Dungeon (3/15)

Altars:

Annotations:
D:3 Grinder


Message History

Grinder blinks!
Grinder zaps a wand.
The puff of flame hits you!
One of your 2 scrolls labeled VESEBI GEERU catches fire!
* * * LOW HITPOINT WARNING * * *
You hit Grinder.
Grinder is almost dead.
Grinder hits you but does no damage.
You closely miss Grinder. You tail-slap Grinder.
Grinder is almost dead.
Grinder gestures at you. Pain shoots through your body!
* * * LOW HITPOINT WARNING * * *
Grinder barely misses you.
You closely miss Grinder.
Grinder is almost dead.
Grinder misses you.
You barely miss Grinder.
Your tail-slap misses Grinder.
Grinder is almost dead.
Grinder hits you.
You die...

... #..# #..## ....
#..# #####..# #..
...# #######.###5.#
##............@.#
#.#.###..........#
#.#.#.#...##.##..##
.#.###.....#.##..#
..###........##..#
.................#
..%.#......#.##.##
##...........##.#
...###.....####.#


You could see Grinder.

Vanquished Creatures
  Terence (D:3)
  A worm (D:3)
  A giant gecko (D:2)
  4 giant cockroaches
  7 goblins
  7 hobgoblins
  5 kobolds
  3 quokkas (D:2)
  2 ball pythons
  8 bats
  4 giant newts
  2 jackals (D:2)
  5 rats
50 creatures vanquished.

Notes
Turn   | Place    | Note
--------------------------------------------------------------
     0 | D:1      | Malachi, the Draconian Berserker, began the quest for the Orb.
     0 | D:1      | Reached XP level 1. HP: 19/19 MP: 1/1
   103 | D:1      | Reached XP level 2. HP: 6/27 MP: 2/2
   435 | D:1      | Acquired Trog's second power
   650 | D:2      | Reached XP level 3. HP: 11/33 MP: 3/3
  1183 | D:3      | Noticed Terence
  1198 | D:3      | Killed Terence
  1198 | D:3      | Reached skill level 4 in Fighting
  1426 | D:3      | Reached XP level 4. HP: 15/40 MP: 4/4
  1605 | D:3      | Noticed Grinder
  1614 | D:3      | Paralysed by Grinder for 6 turns
  1632 | D:3      | Slain by Grinder

Action                   |  1- 3 |  4- 6 || total
-------------------------+-------+-------++-------
Melee: Hand axe          |    18 |       ||    18
       Whip              |   161 |    10 ||   171
Invok: Berserk           |     1 |     1 ||     2
